 Dungeon Crawl Stone Soup version 0.22.0-2-ge58baed0e8 (webtiles) character file.

285 Htamos the Skirmisher (level 6, -4/49 HPs)
             Began as a Mummy Assassin on Aug 13, 2018.
             Slain by a phantom (7 damage)
             ... on level 3 of the Dungeon.
             The game lasted 00:12:32 (4402 turns).

Htamos the Skirmisher (Mummy Assassin)              Turns: 4402, Time: 00:12:33

Health: -4/49      AC: 12    Str: 16    XL:     6   Next: 7%
Magic:  6/6        EV:  2    Int: 10    God:
Gold:   130        SH: 11    Dex: 14    Spells: 5/5 levels left

rFire    x . .     SeeInvis .   a - +2 dagger
rCold    + . .     Gourm    .   s - +2 shield
rNeg     + + +     Faith    .   q - +0 plate armour
rPois    ∞         Spirit   .   k - +0 helmet
rElec    .         Reflect  .   d - +0 cloak
rCorr    .         Harm     .   (no gloves)
MR       .....                  (no boots)
Stlth    ..........             (no amulet)
HPRegen  0.16/turn              o - ring of poison resistance
MPRegen  0.10/turn              (no ring)

@: no status effects
A: no food or potions, fire vulnerability, cold resistance 1, negative energy
resistance 3, torment resistance, unbreathing
a: no special abilities


You were on level 3 of the Dungeon.
You were not hungry.

You visited 1 branch of the dungeon, and saw 4 of its levels.

You collected 130 gold pieces.

Inventory:

Hand Weapons
 a - a +2 dagger (weapon)
 b - a +0 blowgun (quivered)
 h - a +0 short sword
 l - a +0 mace
 m - a +0 whip
 w - a +1 dagger of draining
Missiles
 e - 36 poisoned needles
Armour
 c - a +0 robe
 d - a +0 cloak (worn)
 i - a +0 ring mail
 j - a +0 buckler
 k - a +0 helmet (worn)
 q - a +0 plate armour (worn)
 s - a +2 shield (worn)
Jewellery
 o - a ring of poison resistance (left hand)
 t - an uncursed ring of wizardry {unknown}
 v - an uncursed ring of wizardry {unknown}
Wands
 r - a wand of polymorph (5)
Scrolls
 g - a scroll of remove curse
 n - 4 scrolls of identify
 p - a scroll of teleportation
 u - 2 scrolls of fog {unknown}


   Skills:
 * Level 4.3 Fighting
 - Level 1.5 Short Blades
 - Level 1.5 Throwing
 + Level 2.2 Dodging
 - Level 3.2 Stealth
 * Level 2.9 Shields


You had 5 spell levels left.
You didn't know any spells.
Your spell library was empty.

Dungeon Overview and Level Annotations

Branches:
Dungeon (4/15)
 Temple: D:4-7

Altars:
Cheibriados
Gozag

Annotations:
D:1 exclusion: 2 downstairs


Innate Abilities, Weirdness & Mutations

You do not eat or drink.
Your flesh is vulnerable to fire.
You are immune to poison.
Your flesh is cold resistant. (rC+)
You are immune to negative energy. (rN+++)
You are immune to unholy pain and torment.
You can survive without breathing.


Message History

The phantom hits you.
* * * LOW HITPOINT WARNING * * *
You hit the phantom but do no damage.
The phantom is almost destroyed.
You block the phantom's attack.
You hit the phantom but do no damage.
The phantom is almost destroyed.
The phantom hits you.
* * * LOW HITPOINT WARNING * * *
You miss the phantom.
The phantom is almost destroyed.
The phantom hits you!
* * * LOW HITPOINT WARNING * * *
You hit the phantom.
The phantom is almost destroyed.
You block the phantom's attack.
You hit the phantom.
The phantom is almost destroyed.
The phantom hits you!
You die...

.....# ##..###........######
#.#### ##...###..#..........###
#..## ###..#.##..........<..#..#
#...# #...##.##.#.....#..###...#
..#.###.....(...#...#.#.####...#
.##.##.............##....!....##
##............%....#...[#####.#
................)[......###...#
...............#@W............#
)(..............)......#..##..##
.÷................)....#..##...#
.##........................W...#
###..................#.........#
# #............................#
# #..................#######...#
###..##...<..........# #..>#
#...###..............# #...#


You could see a phantom.

Vanquished Creatures
  2 orc priests
  An orc wizard (D:3)
  A worker ant (D:3)
  Robin (D:1)
  8 adders
  3 worms
  3 dart slugs
  A leopard gecko (D:1)
  7 orcs
  4 giant cockroaches
  13 goblins
  10 hobgoblins
  A ball python (D:3)
  11 bats
  5 frilled lizards
  4 kobolds
  8 rats
83 creatures vanquished.

Notes
Turn   | Place    | Note
-------+----------+-------------------------------------------
     0 | D:1      | Htamos the Mummy Assassin began the quest for the Orb.
     0 | D:1      | Reached XP level 1. HP: 16/16 MP: 1/1
   201 | D:1      | Reached skill level 1 in Dodging
   391 | D:1      | Reached XP level 2. HP: 23/23 MP: 2/2
  1023 | D:2      | Reached skill level 1 in Shields
  1023 | D:2      | Reached XP level 3. HP: 23/28 MP: 3/3
  1087 | D:2      | Noticed Robin
  1331 | D:1      | Reached skill level 3 in Fighting
  2078 | D:1      | Reached XP level 4. HP: 20/35 MP: 4/4
  2248 | D:1      | Killed Robin
  2898 | D:2      | Found a snail-covered altar of Cheibriados.
  3363 | D:2      | Reached XP level 5. HP: 29/42 MP: 5/5
  3572 | D:3      | Found an opulent altar of Gozag.
  3776 | D:3      | Reached skill level 4 in Fighting
  4165 | D:4      | Noticed a phantom
  4285 | D:3      | Reached XP level 6. HP: 33/49 MP: 6/6
  4402 | D:3      | Slain by a phantom

Skill      XL: |  1  2  3  4  5 |
---------------+----------------+-----
Dodging        | 1 2 |  2.2
Shields        | 1 2 |  2.9
Fighting       | 3 4 |  4.3
Short Blades   | |  1.5
Throwing       | |  1.5
Stealth        | |  3.2

Action                   |  1- 3 |  4- 6 || total
-------------------------+-------+-------++-------
Melee: Dagger            |   191 |   275 ||   466
       Whip              |       |    93 ||    93
 Fire: Blowgun           |       |     3 ||     3
Evoke: Wand              |       |     2 ||     2
  Use: Scroll            |     2 |     2 ||     4
 Stab: Sleeping          |     3 |     1 ||     4
Armor: Ring mail         |    80 |    16 ||    96
       Robe              |     2 |       ||     2
       Plate armour      |       |   131 ||   131
Dodge: Dodged            |    75 |    36 ||   111
Block: Buckler           |     2 |       ||     2
       Shield            |    82 |   163 ||   245
